 Dungeon Crawl Stone Soup version 0.29-a0-219-g0a02b1cf4f (webtiles) character file.

Game seed: 16136533209271595063

1670 horus123 the Thaumaturge (level 8, 0/41 HPs)
             Began as a Deep Elf Conjurer on Feb 25, 2022.
             Slain by a bullfrog (4 damage)
             ... on level 6 of the Dungeon.
             The game lasted 00:16:23 (5713 turns).

horus123 the Thaumaturge (Deep Elf Conjurer)        Turns: 5713, Time: 00:16:24

Health: 0/41       AC:  4    Str:  4    XL:     8   Next: 69%
Magic:  8/31       EV: 16    Int: 32    God:
Gold:   382        SH:  0    Dex: 15    Spells: 1/23 levels left

rFire   . . .      SeeInvis .   r - +0 rapier
rCold   + . .      Faith    .   (no shield)
rNeg    . . .      Spirit   .   a - +1 robe
rPois   .          Reflect  .   (no helmet)
rElec   .          Harm     .   j - +0 cloak
rCorr   .          Rampage  .   (no gloves)
Will    .....      Clarity  +   (no boots)
Stlth   ++........              g - amulet of magic regeneration
HPRegen 0.13/turn               d - ring of magical power
MPRegen 0.62/turn               k - ring "Ykeubos" {EV+4 Int+4 Dex+2}

@: brilliant
A: clarity, clever 1, cold resistance 1
a: no special abilities


You were on level 6 of the Dungeon.
You visited 1 branch of the dungeon, and saw 6 of its levels.

You collected 382 gold pieces.

Inventory:

Hand Weapons
 r - a +0 rapier (weapon)
Missiles
 b - a throwing net
Armour
 a - a +1 robe (worn)
 j - a +0 cloak (worn)
Jewellery
 d - a ring of magical power (left hand)
 f - an amulet of reflection
 g - an amulet of magic regeneration (around neck)
 k - the ring "Ykeubos" (right hand) {EV+4 Int+4 Dex+2}
   (You found it on level 3 of the Dungeon)

   [ring of evasion]

   EV:        It affects your evasion (+4).
   Int:       It affects your intelligence (+4).
   Dex:       It affects your dexterity (+2).
 p - a ring of protection from cold
Wands
 l - a wand of digging (3)
 m - a wand of flame (21)
Scrolls
 i - a scroll of silence
Potions
 e - a potion of haste
 n - a potion of invisibility {unknown}
 o - 2 potions of resistance


   Skills:
 - Level 2.4 Dodging
 - Level 2.4 Stealth
 - Level 8.3 Spellcasting
 + Level 7.4 Conjurations
 - Level 6.2 Hexes
 - Level 6.1 Ice Magic


You had one spell level left.
You knew the following spells:

 Your Spells              Type           Power      Damage    Failure   Level
a - Magic Dart            Conj           100%       1d8       1%          1
b - Searing Ray           Conj           100%       2d8       1%          2
c - Fulminant Prism       Conj/Hex       36%        3d18      2%          4
d - Iskenderun's Mystic   Conj/Tloc      54%        2d12      8%          4
e - Dazzling Flash        Conj/Hex       100%       N/A       1%          3
f - Freezing Cloud        Conj/Ice/Air   29%        6-21      16%         5
g - Mephitic Cloud        Conj/Pois/Air  44%        N/A       3%          3

Your spell library contained the following spells:

 Spells                   Type           Power      Damage    Failure   Level
 Slow                     Hex            100%       N/A       1%          1
 Confusing Touch          Hex            69%        N/A       1%          3
 Ignite Poison            Fire/Tmut/Pois 20%        N/A       11%         3
 Vampiric Draining        Necr           20%        2d7       11%         3


Dungeon Overview and Level Annotations

Branches:
Dungeon (6/15)
 Temple: D:4-7

Altars:
Ru
Zin


Innate Abilities, Weirdness & Mutations

You possess an exceptional clarity of mind.
Your mind is acute. (Int +2)
Your flesh is cold resistant. (rC+)


Message History

Aim: a kobold brigand, wielding a +0 hand crossbow (79% to hit)
You feel a surge of power!
The searing ray hits the kobold brigand.
The kobold brigand is lightly wounded. (Press . to maintain the ray.)
A necrophage comes into view.
The kobold brigand shoots a bolt.
The bolt completely misses you.
The searing ray hits the kobold brigand.
The kobold brigand is moderately wounded.
A sky beast comes into view.
The kobold brigand shoots a bolt.
The bolt misses you. The bullfrog barely misses you.
The searing ray hits the kobold brigand.
The kobold brigand is moderately wounded.
The searing ray hits the vampire.
The vampire is severely damaged.
The bullfrog closely misses you.
The kobold brigand shoots a bolt.
The bolt misses you.
Casting: Searing Ray (safe; 1% risk of failure)
Confirm with . or Enter, or press ? or * to list all spells.
Restarting spell: Searing Ray (safe; 1% risk of failure)
Press: ? - help, Shift-Dir - straight line, f/p - kobold brigand
Aim: a kobold brigand, wielding a +0 hand crossbow (moderately wounded, 79% to hit)
You feel a surge of power!
The searing ray hits the kobold brigand.
The kobold brigand is heavily wounded. (Press . to maintain the ray.)
The bullfrog barely misses you.
An iguana comes into view.
The bullfrog barely misses you.
The searing ray hits the vampire!
You destroy the vampire!
The searing ray hits the kobold brigand.
The kobold brigand is severely wounded.
The shadow imp disappears for a moment.
The shadow imp gestures at you. Pain shoots through your body!
* * * LOW HITPOINT WARNING * * *
The bullfrog hits you.
You die...

.......... ....<..$.....
..........
............###.........
.............#.........#
....Y...................#
..l......................
.......O..............#..
....n..F5.............##.
.>..5# #@............. #.
..K...##..............##.
..##=V..K................
.........................
...............##........
...#.......#.....##......
.......#...#....##.......
...##.##........#........
.........................


You could see a sky beast, a kobold brigand, an ogre, a necrophage, a bullfrog,
an iguana and a shadow imp.

Vanquished Creatures
  Grinder (D:3)
  Sigmund (D:2)
  A vampire (D:6)
  A water moccasin (D:5)
  2 sky beasts
  A necrophage (D:5)
  2 ogres (D:5)
  A centaur (D:5)
  A phantom (D:5)
  A kobold brigand (D:5)
  A gnoll sergeant (D:6)
  A scorpion (D:5)
  A hound (D:5)
  2 gnoll shamans (D:5)
  An iguana (D:5)
  Natasha (twice) (D:2)
  16 gnolls
  4 adders
  2 worms
  4 dart slugs
  3 orcs
  5 endoplasms
  A giant cockroach (D:2)
  6 goblins
  6 hobgoblins
  2 jackals (D:2)
  19 kobolds
  5 quokkas
  10 ball pythons
  3 bats
  3 frilled lizards
  9 rats
118 creatures vanquished.

Vanquished Creatures (others)
  2 fulminant prisms (D:5)
  11 plants (D:5)
13 creatures vanquished.

Grand Total: 131 creatures vanquished

Notes
Turn   | Place    | Note
-------+----------+-------------------------------------------
     0 | D:1      | horus123 the Deep Elf Conjurer began the quest for the Orb.
     0 | D:1      | Reached XP level 1. HP: 10/10 MP: 6/6
   185 | D:1      | Reached skill level 4 in Spellcasting
   185 | D:1      | Reached XP level 2. HP: 12/15 MP: 2/9
   188 | D:1      | Learned a level 2 spell: Searing Ray
   523 | D:1      | Gained mutation: Your mind is acute. (Int +2) [potion of
                  | mutation]
   523 | D:1      | Gained mutation: Your flesh is cold resistant. (rC+)
                  | [potion of mutation]
   523 | D:1      | Gained mutation: You possess an exceptional clarity of
                  | mind. [potion of mutation]
   781 | D:2      | Reached skill level 5 in Spellcasting
   781 | D:2      | Reached XP level 3. HP: 19/19 MP: 7/11
  1582 | D:2      | Noticed Sigmund
  1747 | D:2      | Killed Sigmund
  1748 | D:2      | Reached XP level 4. HP: 24/24 MP: 13/13
  1748 | D:2      | Reached XP level 5. HP: 28/28 MP: 14/14
  1798 | D:2      | Learned a level 4 spell: Fulminant Prism
  1803 | D:2      | Learned a level 4 spell: Iskenderun's Mystic Blast
  2023 | D:2      | Noticed Natasha
  2026 | D:2      | Killed Natasha
  2050 | D:2      | Noticed Natasha
  2057 | D:2      | Killed Natasha
  2058 | D:2      | Reached skill level 1 in Hexes
  2073 | D:2      | Found a faded altar of an unknown god.
  2116 | D:2      | Reached XP level 6. HP: 32/32 MP: 15/15
  2542 | D:3      | Found a sacrificial altar of Ru.
  2632 | D:3      | Identified the ring "Ykeubos" {EV+4 Int+4 Dex+2}
  2917 | D:3      | Noticed Grinder
  2918 | D:3      | Paralysed by Grinder for 4 turns
  2934 | D:3      | Killed Grinder
  2935 | D:3      | Reached skill level 5 in Hexes
  3057 | D:3      | Learned a level 3 spell: Dazzling Flash
  3950 | D:4      | Reached XP level 7. HP: 36/36 MP: 16/16
  4270 | D:5      | Entered Level 5 of the Dungeon
  4394 | D:5      | Reached skill level 6 in Spellcasting
  4429 | D:5      | Learned a level 5 spell: Freezing Cloud
  4456 | D:5      | Reached skill level 7 in Spellcasting
  4591 | D:5      | Reached skill level 8 in Spellcasting
  4591 | D:5      | Reached XP level 8. HP: 41/41 MP: 22/22
  4599 | D:5      | Found a glowing silver altar of Zin.
  5187 | D:5      | Reached skill level 5 in Ice Magic
  5612 | D:6      | Learned a level 3 spell: Mephitic Cloud
  5702 | D:6      | HP: 2/41 [vampire/vampiric draining (15)]
  5713 | D:6      | Slain by a bullfrog

Illustrated notes

Levels and vault maps discovered:
D:1:      dpeg_arrival_tiny_a, layout_rooms, st_stairs_1
D:2:      layout_loops_corners, nicolae_ecumenical_lake_church, uniq_natasha,
          uniq_sigmund
D:3:      layout_basic, nicolae_ru_awakened_eye, st_stairs_1, uniq_grinder
D:4:      layout_basic
D:5:      layout_rooms, mainiacjoe_overflow_boulevard, lexackson_kobold_supper
D:6:      layout_cave_pools, mainiacjoe_overflow_chevrons,
          serial_park_tiny_pond, minmay_misc_feat_pillars, minmay_bent

Skill      XL: |  1  2  3  4  5  6  7  8 |
---------------+-------------------------+-----
Spellcasting   | 4 5 8 |  8.3
Conjurations   | 6 7 |  7.4
Hexes          | 1 5 6 |  6.2
Ice Magic      | 6 |  6.1
Dodging        | |  2.4
Stealth        | |  2.4

Action                   |  1- 3 |  4- 6 |  7- 9 || total
-------------------------+-------+-------+-------++-------
Melee: Short sword       |       |     1 |       ||     1
 Cast: Magic Dart        |    76 |    69 |    46 ||   191
       Searing Ray       |     2 |     2 |    27 ||    31
       Fulminant Prism   |       |       |     2 ||     2
       Iskenderun's Myst |       |       |     6 ||     6
       Freezing Cloud    |       |       |     1 ||     1
  Use: Scroll            |     5 |     3 |     6 ||    14
       Potion            |     1 |       |     3 ||     4
Armor: Robe              |     2 |     3 |     3 ||     8
Dodge: Dodged            |     6 |     4 |    56 ||    66

Table legend: (Time is in decaauts)
 A = Elapsed time spent in this place.
 B = Non-inter-level travel time spent in this place.
 C = Inter-level travel time spent in this place.
 D = Time resting spent in this place.
 E = Time spent auto-exploring this place.
 F = Levels seen in this place.
 G = Mean time per level.
                   A        B        C        D        E       F      G
               +--------+--------+--------+--------+--------+-----+--------+
         Total |   5729 |   5576 |    153 |    986 |   3851 |   6 |  954.8 |
       Dungeon |   5729 |   5576 |    153 |    986 |   3851 |   6 |  954.8 |
               +--------+--------+--------+--------+--------+-----+--------+

Top non-repeatable levels by time:
     D:2: 1575 daAuts
     D:5: 1301 daAuts
     D:3: 1187 daAuts
     D:1: 850 daAuts
     D:4: 669 daAuts
     D:6: 146 daAuts
